| TOP OF THE 1ST |
|
Delmarva Shorebirds batting - Pitching for Lansing Lugnuts : RHP David Murphy
|
|
Pitching: RHP David Murphy
|
|
|
Batting: RHB Michel Kamphuis
|
0-0: Called Strike 0-1: Ball 1-1: Swinging Strike 1-2: Strikes out swinging
|
|
Batting: RHB Willie Manrique
|
0-0: Ground out 6-3 (Groundball, 6, EV 81.2 MPH)
|
|
Batting: LHB Pat Shaddock
|
0-0: Called Strike 0-1: Ball 1-1: Ball 2-1: Swinging Strike 2-2: Ball 3-2: Base on Balls
|
|
Batting: RHB Kiyuu del Castillo
|
0-0: Foul Ball, location: 2F 0-1: Ball 1-1: Foul Ball, location: 2F 1-2: Ball 2-2: Strikes out swinging
|
| Top of the 1st over - 0 runs, 0 hits, 0 errors, 1 left on base; Delmarva 0 - Lansing 0 |
| BOTTOM OF THE 1ST |
|
Lansing Lugnuts batting - Pitching for Delmarva Shorebirds : RHP Gavin Nelson
|
|
Pitching: RHP Gavin Nelson
|
|
|
Batting: SHB Joel Baker
|
0-0: Swinging Strike 0-1: Swinging Strike 0-2: Ball 1-2: Strikes out swinging
|
|
Batting: RHB Finn Ross
|
0-0: Ball 1-0: Ball 2-0: Ball 3-0: Foul Ball, location: 2F 3-1: Called Strike 3-2: Foul Ball, location: 2F 3-2: Strikes out swinging
|
|
Batting: LHB David Ramirez
|
0-0: Ball 1-0: Called Strike 1-1: Ball 2-1: Foul Ball, location: 2F 2-2: SOLO HOME RUN (Line Drive, 7D, EV 98.1 MPH), Distance : 368 ft
|
|
Batting: LHB Dan Martinez
|
0-0: Ground out 4-3 (Groundball, 4, EV 93.8 MPH)
|
| Bottom of the 1st over - 1 run, 1 hit, 0 errors, 0 left on base; Delmarva 0 - Lansing 1 |
| TOP OF THE 2ND |
|
Delmarva Shorebirds batting - Pitching for Lansing Lugnuts : RHP David Murphy
|
|
Batting: LHB Jose Bethancourt
|
0-0: Ball 1-0: Fly out, F7 (Flyball, 78D, EV 100.6 MPH)
|
|
Batting: LHB Momoru Yasui
|
0-0: Hit by Pitch
|
|
Batting: RHB Mario Luna
|
0-0: Ball 1-0: Ball 2-0: Foul Ball, location: 2F 2-1: Foul Ball, location: 2F 2-2: Ball 3-2: Strikes out swinging
|
|
Batting: LHB Rodolfo Montes
|
0-0: Ball 1-0: Foul Ball, location: 2F 1-1: Called Strike 1-2: Ground out 6-3 (Groundball, 6S, EV 73.1 MPH)
|
| Top of the 2nd over - 0 runs, 0 hits, 0 errors, 1 left on base; Delmarva 0 - Lansing 1 |
| BOTTOM OF THE 2ND |
|
Lansing Lugnuts batting - Pitching for Delmarva Shorebirds : RHP Gavin Nelson
|
|
Batting: RHB Ivan Ramirez
|
0-0: Swinging Strike 0-1: Ball 1-1: Ball 2-1: Ball 3-1: Base on Balls
|
|
Batting: RHB Tony Stedman
|
0-0: Ball 1-0: Fly out, F8 (Flyball, 8LXD, EV 96.9 MPH)
|
|
Batting: RHB Luis Reyes
|
0-0: Called Strike 0-1: Ball 1-1: SINGLE (Line Drive, 9LS, EV 96.2 MPH) Ivan Ramirez to second
|
|
Batting: RHB Darren McCarty Jr.
|
0-0: Ball 1-0: Grounds into double play, 6-4-3 (Groundball, 56, EV 92.5 MPH)
|
| Bottom of the 2nd over - 0 runs, 1 hit, 0 errors, 1 left on base; Delmarva 0 - Lansing 1 |
| TOP OF THE 3RD |
|
Delmarva Shorebirds batting - Pitching for Lansing Lugnuts : RHP David Murphy
|
|
Batting: RHB Julio Ehm
|
0-0: Ball 1-0: Fly out, F9 (Flyball, 9D, EV 95.0 MPH)
|
|
Batting: RHB Michel Kamphuis
|
0-0: Called Strike 0-1: Foul Ball, location: 2F 0-2: Ball 1-2: Strikes out swinging
|
|
Batting: RHB Willie Manrique
|
0-0: Ground out 4-3 (Groundball, 34, EV 96.2 MPH)
|
| Top of the 3rd over - 0 runs, 0 hits, 0 errors, 0 left on base; Delmarva 0 - Lansing 1 |
| BOTTOM OF THE 3RD |
|
Lansing Lugnuts batting - Pitching for Delmarva Shorebirds : RHP Gavin Nelson
|
|
Batting: RHB Nick Wicker
|
0-0: Called Strike 0-1: Swinging Strike 0-2: Ball 1-2: Fly out, F3 (Popup, 23F, EV 85.6 MPH)
|
|
Batting: SHB Joel Baker
|
0-0: Foul Ball, location: 2F 0-1: Ball 1-1: Ball 2-1: Ball 3-1: Base on Balls
|
|
Batting: RHB Finn Ross
|
0-0: Ball 1-0: TRIPLE (Line Drive, 9LD, EV 108.8 MPH) Joel Baker scores
|
|
Batting: LHB David Ramirez
|
0-0: Called Strike 0-1: Foul Ball, location: 2F 0-2: Foul Ball, location: 2F 0-2: Foul Ball, location: 2F 0-2: Foul Ball, location: 2F 0-2: Foul Ball, location: 2F 0-2: Strikes out swinging
|
|
Batting: LHB Dan Martinez
|
0-0: Swinging Strike 0-1: Foul Ball, location: 2F 0-2: Fly out, F7 (Line Drive, 7, EV 93.1 MPH)
|
| Bottom of the 3rd over - 1 run, 1 hit, 0 errors, 1 left on base; Delmarva 0 - Lansing 2 |
| TOP OF THE 4TH |
|
Delmarva Shorebirds batting - Pitching for Lansing Lugnuts : RHP David Murphy
|
|
Batting: LHB Pat Shaddock
|
0-0: Ball 1-0: Ball 2-0: Ball 3-0: Ground out 6-3 (Groundball, 6, EV 78.1 MPH)
|
|
Batting: RHB Kiyuu del Castillo
|
0-0: Ball 1-0: Swinging Strike 1-1: Fly out, F7 (Flyball, 7, EV 95.0 MPH)
|
|
Batting: LHB Jose Bethancourt
|
0-0: Called Strike 0-1: Ground out 4-3 (Groundball, 4MS, EV 72.5 MPH)
|
| Top of the 4th over - 0 runs, 0 hits, 0 errors, 0 left on base; Delmarva 0 - Lansing 2 |
| BOTTOM OF THE 4TH |
|
Lansing Lugnuts batting - Pitching for Delmarva Shorebirds : RHP Gavin Nelson
|
|
Batting: RHB Ivan Ramirez
|
0-0: Ball 1-0: Ground out 6-3 (Groundball, 6, EV 106.2 MPH)
|
|
Batting: RHB Tony Stedman
|
0-0: Swinging Strike 0-1: Ball 1-1: Swinging Strike 1-2: Foul Ball, location: 2F 1-2: Strikes out swinging
|
|
Batting: RHB Luis Reyes
|
0-0: Ball 1-0: Foul Ball, location: 2F 1-1: Ball 2-1: Called Strike 2-2: Ball 3-2: Hit by Pitch
|
|
Batting: RHB Darren McCarty Jr.
|
0-0: Called Strike 0-1: Ball 1-1: Ball 2-1: Called Strike Luis Reyes is caught stealing 2nd base 2-4
|
| Bottom of the 4th over - 0 runs, 0 hits, 0 errors, 0 left on base; Delmarva 0 - Lansing 2 |
| TOP OF THE 5TH |
|
Delmarva Shorebirds batting - Pitching for Lansing Lugnuts : RHP David Murphy
|
|
Batting: LHB Momoru Yasui
|
0-0: Foul Ball, location: 2F 0-1: Ball 1-1: Called Strike 1-2: Ground out 5-3 (Groundball, 6, EV 83.1 MPH)
|
|
Batting: RHB Mario Luna
|
0-0: Ball 1-0: Fly out, F8 (Flyball, 89D, EV 101.9 MPH)
|
|
Batting: LHB Rodolfo Montes
|
0-0: Ball 1-0: Ground out 4-3 (Groundball, 4M, EV 82.5 MPH)
|
| Top of the 5th over - 0 runs, 0 hits, 0 errors, 0 left on base; Delmarva 0 - Lansing 2 |
| BOTTOM OF THE 5TH |
|
Lansing Lugnuts batting - Pitching for Delmarva Shorebirds : RHP Gavin Nelson
|
|
Batting: RHB Darren McCarty Jr.
|
0-0: Foul Ball, location: 2F 0-1: Ball 1-1: Foul Ball, location: 2F 1-2: Ball 2-2: Strikes out swinging
|
|
Batting: RHB Nick Wicker
|
0-0: Ball 1-0: Foul Ball, location: 2F 1-1: Ground out 4-3 (Groundball, 34, EV 101.9 MPH)
|
|
Batting: SHB Joel Baker
|
0-0: Ball 1-0: Called Strike 1-1: Swinging Strike 1-2: Ball 2-2: Ball 3-2: Base on Balls
|
|
Pitching: RHP Wayne Lammers
|
|
|
Batting: RHB Finn Ross
|
0-0: Ball 1-0: Called Strike 1-1: Ball Joel Baker steals 2nd base 2-1: Ball 3-1: Foul Ball, location: 2F 3-2: Strikes out swinging
|
| Bottom of the 5th over - 0 runs, 0 hits, 0 errors, 1 left on base; Delmarva 0 - Lansing 2 |
| TOP OF THE 6TH |
|
Delmarva Shorebirds batting - Pitching for Lansing Lugnuts : RHP David Murphy
|
|
Batting: RHB Julio Ehm
|
0-0: Ground out 4-3 (Groundball, 4MD, EV 107.5 MPH)
|
|
Batting: RHB Michel Kamphuis
|
0-0: Ball 1-0: Ball 2-0: Ground out 6-3 (Groundball, 6, EV 106.9 MPH)
|
|
Batting: RHB Willie Manrique
|
0-0: Called Strike 0-1: Ball 1-1: Called Strike 1-2: Fly out, F9 (Flyball, 9LM, EV 85.6 MPH)
|
| Top of the 6th over - 0 runs, 0 hits, 0 errors, 0 left on base; Delmarva 0 - Lansing 2 |
| BOTTOM OF THE 6TH |
|
Lansing Lugnuts batting - Pitching for Delmarva Shorebirds : RHP Wayne Lammers
|
|
Batting: LHB David Ramirez
|
0-0: Ball 1-0: Called Strike 1-1: Foul Ball, location: 2F 1-2: Foul Ball, location: 2F 1-2: Foul Ball, location: 2F 1-2: Ball 2-2: Foul Ball, location: 2F 2-2: Ball 3-2: Base on Balls
|
|
Batting: LHB Dan Martinez
|
0-0: Ball 1-0: Fly out, F8 (Flyball, 8LS, EV 75.0 MPH)
|
|
Batting: RHB Ivan Ramirez
|
0-0: Ball 1-0: Swinging Strike 1-1: Ball 2-1: Foul Ball, location: 2F 2-2: Foul Ball, location: 2F 2-2: Strikes out swinging
|
|
Batting: RHB Tony Stedman
|
0-0: Ball 1-0: Called Strike David Ramirez steals 2nd base 1-1: Called Strike 1-2: Strikes out looking
|
| Bottom of the 6th over - 0 runs, 0 hits, 0 errors, 1 left on base; Delmarva 0 - Lansing 2 |
| TOP OF THE 7TH |
|
Delmarva Shorebirds batting - Pitching for Lansing Lugnuts : RHP David Murphy
|
|
Batting: LHB Pat Shaddock
|
0-0: Called Strike 0-1: Ball 1-1: SINGLE (Groundball, 56S, EV 68.8 MPH) (infield hit)
|
|
Batting: RHB Kiyuu del Castillo
|
0-0: Foul Ball, location: 2F 0-1: Swinging Strike 0-2: Ball 1-2: Ball 2-2: Strikes out swinging
|
|
Batting: LHB Jose Bethancourt
|
0-0: Foul Ball, location: 2F 0-1: Foul Ball, location: 2F 0-2: Ball Pat Shaddock steals 2nd base 1-2: Ball 2-2: Fly out, F4 (Flyball, 4MD, EV 91.9 MPH)
|
|
Batting: LHB Momoru Yasui
|
0-0: Foul Ball, location: 2F 0-1: Ball 1-1: Foul Ball, location: 2F 1-2: Ball 2-2: Strikes out swinging
|
| Top of the 7th over - 0 runs, 1 hit, 0 errors, 1 left on base; Delmarva 0 - Lansing 2 |
| BOTTOM OF THE 7TH |
|
Lansing Lugnuts batting - Pitching for Delmarva Shorebirds : RHP Wayne Lammers
|
|
Pitching: LHP Eric Bice
|
|
|
Batting: RHB Luis Reyes
|
0-0: SINGLE (Flyball, 3D, EV 90.6 MPH)
|
|
Batting: RHB Darren McCarty Jr.
|
0-0: Called Strike 0-1: Bunted foul 0-2: Ball 1-2: Grounds into double play, 5-4-3 (Groundball, 56S, EV 85.0 MPH)
|
|
Batting: RHB Nick Wicker
|
0-0: Ball 1-0: TRIPLE (Line Drive, 89XD, EV 111.9 MPH)
|
|
Batting: SHB Joel Baker
|
0-0: Foul Ball, location: 2F 0-1: Foul Ball, location: 2F 0-2: Foul Ball, location: 2F 0-2: Ball 1-2: Foul Ball, location: 2F 1-2: 2-RUN HOME RUN (Flyball, 7D, EV 101.9 MPH), Distance : 371 ft
|
|
Batting: RHB Finn Ross
|
0-0: Ball 1-0: SINGLE (Groundball, 4, EV 96.2 MPH)
|
|
Batting: LHB David Ramirez
|
0-0: Ball Finn Ross is caught stealing 2nd base 2-6
|
| Bottom of the 7th over - 2 runs, 4 hits, 0 errors, 0 left on base; Delmarva 0 - Lansing 4 |
| TOP OF THE 8TH |
|
Delmarva Shorebirds batting - Pitching for Lansing Lugnuts : RHP David Murphy
|
|
Batting: RHB Mario Luna
|
0-0: Called Strike 0-1: Ball 1-1: Foul Ball, location: 2F 1-2: Strikes out swinging
|
|
Batting: LHB Rodolfo Montes
|
0-0: Called Strike 0-1: Ball 1-1: Ball 2-1: Ball 3-1: Called Strike 3-2: Base on Balls
|
|
Batting: RHB Julio Ehm
|
0-0: Ball 1-0: Ball 2-0: Ball 3-0: Base on Balls Rodolfo Montes to second
|
|
Batting: RHB Michel Kamphuis
|
0-0: Fielders Choice at 2nd, 6-4 (Groundball, 6M, EV 101.2 MPH) Rodolfo Montes to third
|
|
Batting: RHB Willie Manrique
|
0-0: Ball 1-0: Ball 2-0: Ball 3-0: Called Strike 3-1: Fielders Choice at 2nd, U6 (Groundball, 6M, EV 91.9 MPH)
|
| Top of the 8th over - 0 runs, 0 hits, 0 errors, 2 left on base; Delmarva 0 - Lansing 4 |
| BOTTOM OF THE 8TH |
|
Lansing Lugnuts batting - Pitching for Delmarva Shorebirds : LHP Eric Bice
|
|
Pitching: RHP Nick Hoag
|
|
|
Batting: LHB David Ramirez
|
0-0: Swinging Strike 0-1: Ball 1-1: Ball 2-1: Foul Ball, location: 2F 2-2: Strikes out looking
|
|
Batting: LHB Dan Martinez
|
0-0: Ball 1-0: Called Strike 1-1: Ball 2-1: Ball 3-1: Called Strike 3-2: Foul Ball, location: 2F 3-2: SINGLE (Groundball, 56S, EV 70.0 MPH) (infield hit)
|
|
Batting: RHB Ivan Ramirez
|
0-0: Called Strike Dan Martinez steals 2nd base 0-1: Called Strike Dan Martinez steals 3rd base (no throw) 0-2: Foul Ball, location: 2F 0-2: SINGLE (Groundball, 56, EV 95.0 MPH) Dan Martinez scores
|
|
Batting: RHB Tony Stedman
|
0-0: Called Strike 0-1: Foul Ball, location: 2F 0-2: Ball 1-2: Strikes out swinging
|
|
Batting: RHB Luis Reyes
|
0-0: Ball 1-0: Ball 2-0: Called Strike 2-1: Ball 3-1: Foul Ball, location: 2F 3-2: Ground out 5-3 (Groundball, 56S, EV 93.1 MPH)
|
| Bottom of the 8th over - 1 run, 2 hits, 0 errors, 1 left on base; Delmarva 0 - Lansing 5 |
| TOP OF THE 9TH |
|
Delmarva Shorebirds batting - Pitching for Lansing Lugnuts : RHP David Murphy
|
|
Batting: LHB Pat Shaddock
|
0-0: Fly out, F6 (Line Drive, 6, EV 70.0 MPH)
|
|
Pitching: RHP Andres Lozano
|
|
|
Batting: RHB Kiyuu del Castillo
|
0-0: Ball 1-0: Ball 2-0: Foul Ball, location: 2F 2-1: Swinging Strike 2-2: Strikes out swinging
|
|
Batting: LHB Jose Bethancourt
|
0-0: Foul Ball, location: 2F 0-1: Ball 1-1: Foul Ball, location: 2F 1-2: Ball 2-2: Strikes out looking
|
| Top of the 9th over - 0 runs, 0 hits, 0 errors, 0 left on base; Delmarva 0 - Lansing 5 |
|